 Dungeon Crawl Stone Soup version 0.20.1-1-g8b1a95d (webtiles) character file.

58 Linguinho the Sneak (level 3, -3/27 HPs)
             Began as a Demonspawn Assassin on Oct 30, 2017.
             Slain by a worm (5 damage)
             ... on level 2 of the Dungeon.
             The game lasted 00:02:24 (1617 turns).

Linguinho the Sneak (Demonspawn Assassin)           Turns: 1617, Time: 00:02:25

Health: -3/27      AC:  3    Str: 12    XL:     3   Next: 76%
Magic:  3/3        EV: 11    Int: 12    God:
Gold:   35         SH:  0    Dex: 14    Spells: 2/2 levels left

rFire    + . .     SeeInvis .   a - +2 dagger
rCold    . . .     Gourm    .   (no shield)
rNeg     . . .     Faith    .   c - +0 robe
rPois    .         Spirit   .   (no helmet)
rElec    .         Reflect  .   d - +0 cloak
rCorr    .         Harm     .   (no gloves)
MR       .....                  (no boots)
Stlth    +++.......             (no amulet)
Regen    0.1/turn               (no ring)
MPRegen  0.1/turn               (no ring)

@: no status effects
A: hooves 1, fire resistance 1
a: no special abilities


You were on level 2 of the Dungeon.
You were not hungry.

You visited 1 branch of the dungeon, and saw 2 of its levels.

You collected 35 gold pieces.

Inventory:

Hand Weapons
 a - a +2 dagger (weapon)
 b - a +0 blowgun
Missiles
 e - 8 poisoned needles
 f - 2 curare-tipped needles
Armour
 c - a +0 robe (worn)
 d - a +0 cloak (worn)
 i - a +0 buckler
 j - a +0 chain mail
 l - a +0 leather armour
 q - a +0 ring mail
 r - a cursed -1 ring mail
 w - a +0 pair of boots
Scrolls
 h - 6 scrolls of identify {unknown}
 k - 2 scrolls of teleportation {unknown}
 m - a scroll of amnesia {unknown}
 u - 2 scrolls of magic mapping {unknown}
 v - a scroll of fear {unknown}
 x - a scroll of remove curse {unknown}
Potions
 n - 3 potions of curing {unknown}
 o - 2 potions of magic {unknown}
 p - a potion of resistance {unknown}
 t - 2 potions of brilliance {unknown}
Comestibles
 g - 2 bread rations
 s - a royal jelly


   Skills:
 - Level 2.0 Fighting
 - Level 1.7 Short Blades
 - Level 1.7 Throwing
 - Level 0.8 Dodging
 + Level 5.2 Stealth


You had 2 spell levels left.
You didn't know any spells.

Dungeon Overview and Level Annotations

Branches:
Dungeon (2/15)

Altars:
Zin


Innate Abilities, Weirdness & Mutations

You have large cloven feet.
Your flesh is heat resistant. (rF+)


Message History

The worm is severely wounded.
The worm barely misses you.
You hit the worm but do no damage.
The worm is heavily wounded.
You hit the worm.
The worm is severely wounded.
The worm bites you!
You are too injured to fight recklessly!
You are too injured to fight recklessly!
You hit the worm but do no damage. You kick the worm.
The worm is almost dead.
The worm bites you!
* * * LOW HITPOINT WARNING * * *
You hit the worm but do no damage.
The worm is severely wounded.
Unknown command.
You hit the worm.
The worm is almost dead.
The worm bites you.
You die...

# # # # ### #
... # # #.# #
##### #. #.#
###...##
#.###.#
........ #
#w@..#
......##
.#.###.#
####..##### #.
#.#
####.......
#.####.####
.....###
#.#.......#
####..#
#...#####....#
# ##.# ###.#
#### #.# #.#
#.# # #.#


You could see a worm.

Vanquished Creatures
  2 adders (D:2)
  An ooze (D:1)
  2 dart slugs
  A leopard gecko (D:2)
  2 bats
  A giant cockroach (D:2)
  4 goblins (D:1)
  A hobgoblin (D:1)
  4 jackals
  7 kobolds
  3 frilled lizards
  3 rats
31 creatures vanquished.

Notes
Turn   | Place    | Note
-------+----------+-------------------------------------------
     0 | D:1      | Linguinho the Demonspawn Assassin began the quest for the Orb.
     0 | D:1      | Reached XP level 1. HP: 16/16 MP: 1/1
   299 | D:1      | Reached skill level 4 in Stealth
   470 | D:1      | Gained mutation: You have large cloven feet. [demonic ancestry]
   470 | D:1      | Reached XP level 2. HP: 17/22 MP: 2/2
  1134 | D:2      | Gained mutation: Your flesh is heat resistant. (rF+) [demonic ancestry]
  1134 | D:2      | Reached XP level 3. HP: 27/27 MP: 3/3
  1170 | D:2      | Found a glowing silver altar of Zin.
  1367 | D:2      | Reached skill level 5 in Stealth
  1617 | D:2      | Slain by a worm

Skill      XL: |  1  2  3 |
---------------+----------+-----
Stealth        | 4 5 |  5.2
Fighting       | |  2.0
Short Blades   | |  1.7
Throwing       | |  1.7
Dodging        | |  0.8

Action                   || total
-------------------------++-------
Melee: Dagger            ||    94
       Kick              ||    20
 Stab: Sleeping          ||     7
       Distracted        ||     1
  Eat: Chunk             ||     2
Armor: Robe              ||    16
Dodge: Dodged            ||    46
